 Dungeon Crawl Stone Soup version 0.29-a0-643-ga013cefcf8 (webtiles) character file.

Game seed: 12075330522929254360

120 HoaS the Shooter (level 5, -5/30 HPs)
             Began as a Gargoyle Hunter on June 19, 2022.
             Blown up by an orc (22 damage)
             ... with a mindburst bolt
             ... on level 4 of the Dungeon.
             The game lasted 00:05:32 (2806 turns).

HoaS the Shooter (Gargoyle Hunter)                  Turns: 2806, Time: 00:05:32

Health: -5/30      AC: 15    Str: 14    XL:     5   Next: 4%
Magic:  5/5        EV: 10    Int: 10    God:
Gold:   106        SH:  0    Dex: 15    Spells: 4/4 levels left

rFire   . . .      SeeInvis .   a - +1 shortbow
rCold   . . .      Faith    .   (shield currently unavailable)
rNeg    + + .      Spirit   .   l - +1 ring mail {rN+}
rPois   ∞          Reflect  .   (no helmet)
rElec   +          Harm     .   (no cloak)
rCorr   .          Rampage  .   (no gloves)
Will    .....                   j - +0 pair of boots
Stlth   ..........              (no amulet)
HPRegen 0.10/turn               n - +4 ring of protection
MPRegen 0.09/turn               (no ring)

@: confused, studying Bows
A: sickness immunity, AC +4, negative energy resistance 1, electricity
resistance, torment resistance 1, petrification resistance
a: no special abilities


You were on level 4 of the Dungeon.
You visited 1 branch of the dungeon, and saw 4 of its levels.

You collected 106 gold pieces.

Inventory:

Hand Weapons
 a - a +1 shortbow (weapon)
 g - the +8 dagger of Meulol {drain, Drain rElec rN++ Dex-4}
   (You found it on level 3 of the Dungeon)

   A truly terrible weapon, it drains the life of any living foe it strikes.
   Dex:       It affects your dexterity (-4).
   rElec:     It insulates you from electricity.
   rN:        It greatly protects you from negative energy.
   Drain:     It drains your maximum health when unequipped.
Armour
 j - a +0 pair of boots (worn)
 l - a +1 ring mail of positive energy (worn)
Jewellery
 n - a +4 ring of protection (left hand)
Scrolls
 c - a scroll of immolation
 m - a scroll of fear
 q - a scroll of summoning {unknown}
 s - a scroll of enchant armour {unknown}
Potions
 b - a potion of might {unknown}
 d - 2 potions of curing
 e - 3 potions of haste
 f - 2 potions of degeneration {unknown}
 h - a potion of heal wounds {unknown}
 i - 2 potions of flight {unknown}
 k - a potion of lignification {unknown}
 p - a potion of cancellation {unknown}
 r - a potion of brilliance {unknown}


   Skills:
 - Level 2.1 Fighting
 + Level 6.5 Bows
 - Level 1.5 Dodging
 - Level 1.1 Stealth


You had 4 spell levels left.
You didn't know any spells.
Your spell library contained the following spells:

 Spells                   Type           Power      Damage    Failure   Level
 Inner Flame              Hex/Fire       0%         N/A       93%         3
 Cause Fear               Hex            0%         N/A       100%        4
 Fireball                 Conj/Fire      0%         3d3       100%        5
 Iskenderun's Battlesphe  Conj           0%         2d6       100%        5
 Conjure Ball Lightning   Conj/Air       0%         3x3d6     100%        6
 Orb of Destruction       Conj           0%         9d5       100%        7
 Discord                  Hex            0%         N/A       100%        8


Dungeon Overview and Level Annotations

Branches:
Dungeon (4/15)
 Temple: D:4-7

Altars:

Annotations:
D:4 exclusion: scorpion


Innate Abilities, Weirdness & Mutations

You are immune to sickness and miasma.
Your stone body is resilient. (AC +4)
You are immune to poison.
You resist negative energy. (rN+)
You are resistant to electric shocks. (rElec)
You are resistant to unholy torment.
You are immune to petrification.


Message History

Something hits you but does no damage. The orc barely misses you.
In your confused state, you trip and fall back down the stairs.
* * * LOW HITPOINT WARNING * * *
The orc hits you but does no damage. Something hits you.
* * * LOW HITPOINT WARNING * * *
The orc closely misses you.
You feel better. The orc hits you but does no damage.
Something hits you but does no damage. The orc hits you but does no damage.
You feel better.
The orc zaps a wand.
Your mind is blasted!
Something hits you but does no damage. The orc closely misses you.
You feel better. The orc hits you with a +0 dagger.
Something hits you but does no damage. The orc hits you but does no damage.
Shoot: a) +1 shortbow
Press: ? - help, Q - select action Shift-Dir - straight line, f/p - orc
Aim: an orc, wielding a +0 club and wearing a +0 ring mail (lightly wounded, 68% to hit)
You shoot an arrow. The arrow barely misses the orc.
The orc hits you but does no damage. Something hits you but does no damage.
The orc hits you but does no damage.
Shoot: a) +1 shortbow
Press: ? - help, Q - select action Shift-Dir - straight line, f/p - orc
Aim: an orc, wielding a +0 club and wearing a +0 ring mail (lightly wounded, 68% to hit)
You shoot an arrow.
The arrow hits the orc but does no damage.
The orc is lightly wounded.
The orc hits you but does no damage. x2
You hear some strange, mumbled words.
A puff of flame appears from out of thin air!
The puff of flame hits you.
Shoot: a) +1 shortbow
Press: ? - help, Q - select action Shift-Dir - straight line, f/p - orc
Aim: an orc, wielding a +0 club and wearing a +0 ring mail (lightly wounded, 68% to hit)
You shoot an arrow. The arrow barely misses the orc.
The orc barely misses you. Something hits you but does no damage.
The orc hits you but does no damage. The orc closely misses you.
The orc barely misses you. Something hits you but does no damage.
You hear some strange, mumbled words.
You are confused.
The orc zaps a wand.
Your mind is blasted!
Ouch! That really hurt!
You die...

........#...#
..##....###.#
......#.....######
..#......#.......#
....##...........#
...#
###.......|.####
... #............#
.. #o{.......####
#.@†......#
#o).......#
##.......##
#.........#
#.........#
#.........#
#.........#
#.........#
##.......##


You could see 2 orcs.

Vanquished Creatures
  An orc priest (D:4)
  2 adders (D:3)
  A worm (D:2)
  A dart slug (D:1)
  2 orcs
  5 endoplasms
  4 giant cockroaches
  4 goblins
  9 hobgoblins
  7 jackals (D:1)
  4 kobolds
  4 quokkas
  5 ball pythons
  5 bats
  2 frilled lizards
  3 rats
59 creatures vanquished.

Notes
Turn   | Place    | Note
-------+----------+-------------------------------------------
     0 | D:1      | HoaS the Gargoyle Hunter began the quest for the Orb.
     0 | D:1      | Reached XP level 1. HP: 12/12 MP: 1/1
    73 | D:1      | Reached XP level 2. HP: 17/17 MP: 2/2
   296 | D:1      | Reached XP level 3. HP: 21/21 MP: 3/3
   302 | D:1      | Reached skill level 5 in Bows
  1531 | D:2      | Found a faded altar of an unknown god.
  1814 | D:3      | Identified the +8 dagger of Meulol {drain, Drain rElec rN++
                  | Dex-4}
  1889 | D:3      | Reached XP level 4. HP: 18/26 MP: 4/4
  2611 | D:4      | Identified a scroll of acquirement
  2611 | D:4      | Acquired a manual of Bows
  2613 | D:4      | Noticed a scorpion
  2723 | D:4      | Reached skill level 6 in Bows
  2723 | D:4      | Reached XP level 5. HP: 30/30 MP: 5/5
  2799 | D:4      | HP: 1/30 [something (2)]
  2806 | D:4      | Blown up by an orc

Illustrated notes

Levels and vault maps discovered:
D:1:      saegor_arrival_fortress, layout_basic, chequers_decorated_corner
D:2:      layout_basic, shapermc_ecumenical_altar_petra, minmay_misc_feat_five
D:3:      layout_loops_ring, corexii_shack, minmay_misc_feat_hallway,
          kennysheep_generic_room_9
D:4:      minmay_evil_eye, layout_rooms, nicolae_take_the_stairs

Skill      XL: |  1  2  3  4 |
---------------+-------------+-----
Bows           | 5 6 |  6.5
Fighting       | |  2.1
Dodging        | |  1.5
Stealth        | |  1.1

Action                   |  1- 3 |  4- 6 || total
-------------------------+-------+-------++-------
 Fire: Shortbow          |   104 |    51 ||   155
  Use: Scroll            |     7 |     1 ||     8
       Potion            |       |     3 ||     3
Armor: Leather armour    |    11 |       ||    11
       Ring mail         |     2 |    44 ||    46
Dodge: Dodged            |    25 |    24 ||    49

Table legend: (Time is in decaauts)
 A = Elapsed time spent in this place.
 B = Non-inter-level travel time spent in this place.
 C = Inter-level travel time spent in this place.
 D = Time resting spent in this place.
 E = Time spent auto-exploring this place.
 F = Levels seen in this place.
 G = Mean time per level.
                   A        B        C        D        E       F      G
               +--------+--------+--------+--------+--------+-----+--------+
         Total |   2856 |   2659 |    197 |    415 |   1840 |   4 |  714.0 |
       Dungeon |   2856 |   2659 |    197 |    415 |   1840 |   4 |  714.0 |
               +--------+--------+--------+--------+--------+-----+--------+

Top non-repeatable levels by time:
     D:1: 951 daAuts
     D:3: 936 daAuts
     D:2: 862 daAuts
     D:4: 106 daAuts
